 Dungeon Crawl Stone Soup version 0.32-a0-612-g1c984fe9d1 (webtiles) character file.

Game seed: 1957255509344866033

2833 hikkokomori the Shooter (level 9, -1/62 (65) HPs)
             Began as a Coglin Hunter on Mar 4, 2024.
             Was a Follower of Okawaru.
             Slain by a wight
             ... wielding a +0 mace
              (5 damage)
             ... on level 8 of the Dungeon.
             The game lasted 00:14:01 (5761 turns).

hikkokomori the Shooter (Coglin Hunter)             Turns: 5761, Time: 00:14:02

HP:   -1/62 (65)    AC: 11    Str: 12    XL:     9   Next: 73%
MP:   12/13         EV: 12    Int:  8    God:    Okawaru [*.....]
Gold: 138           SH:  0    Dex: 22    Spells: 6/14 levels left

rFire   . . .        a - +2 sling (heavy) {Xochitl}
rCold   . . .        d - +0 sling {Chitauli}
rNeg    . . .        u - +3 leather armour
rPois   .            i - +1 helmet
rElec   .            (no cloak)
rCorr   .            (no gloves)
SInv    .            z - +2 pair of boots {Fly}
Will    .....        (amulet unavailable)
Stlth   ++           (ring unavailable)
HPRegen 0.30/turn    (ring unavailable)
MPRegen 0.13/turn    (no gizmo)

%: no passive effects
@: fugue, flying, lightly drained, revved
A: off-hand wielding, slow wielding, warmup strikes, no jewellery
a: Invent Gizmo, Renounce Religion, Heroism


You were on level 8 of the Dungeon.
You worshipped Okawaru.
Okawaru was aware of your devotion.
You visited 2 branches of the dungeon, and saw 9 of its levels.

You collected 350 gold pieces.
You spent 212 gold pieces at shops.

Inventory:

Hand Weapons
 a - a +2 heavy sling (weapon) {Xochitl}
 d - a +0 sling (offhand) {Chitauli}
Missiles
 g - 2 throwing nets
 r - 5 datura-tipped darts
Armour
 c - a +0 leather armour
 i - a +1 helmet (worn)
 u - a +3 leather armour (worn)
 y - a +1 leather armour of fire resistance
 z - a +2 pair of boots of flying (worn)
 B - +0 steam dragon scales
Wands
 v - a wand of mindburst (14)
 E - a wand of warping (12)
Scrolls
 b - a scroll of butterflies
 e - 3 scrolls of immolation
 f - 2 scrolls of enchant armour
 h - a scroll of silence {unknown}
 j - a scroll of fear {unknown}
 l - a scroll of enchant weapon {unknown}
 m - a scroll of vulnerability {unknown}
 p - a scroll of brand weapon
 t - 4 scrolls of identify {unknown}
 w - a scroll of fog {unknown}
 C - a scroll of teleportation {unknown}
 F - a scroll of blinking
Potions
 k - a potion of resistance
 n - a potion of enlightenment {unknown}
 o - a potion of degeneration {unknown}
 q - 2 potions of curing {unknown}
 s - a potion of mutation {unknown}
 x - a potion of magic {unknown}
 A - 2 potions of invisibility {unknown}
 D - a potion of cancellation {unknown}


   Skills:
 - Level 4.0 Fighting
 + Level 7.5 Ranged Weapons
 - Level 2.2 Dodging
 - Level 2.0 Stealth
 - Level 3.0 Spellcasting
 - Level 4.0 Summonings
 - Level 5.0 Necromancy
 - Level 2.0 Air Magic
 - Level 3.0 Alchemy
 + Level 2.7 Invocations
 - Level 4.0 Evocations


You had 6 spell levels left.
You knew the following spells:

 Your Spells              Type           Power      Damage    Failure   Level
a - Call Canine Familiar  Summ           7%         N/A       24%         3
b - Fugue of the Fallen   Necr           9%         N/A       16%         3
c - Cigotuvi's Dreadful   Necr/Alch/Air  12%        N/A       16%         2

Your spell library contained the following spells:

 Spells                   Type           Power      Damage    Failure   Level
 Lesser Beckoning         Tloc           2%         N/A       52%         2
 Gell's Gravitas          Tloc           1%         N/A       77%         3
 Ozocubu's Armour         Ice            1%         N/A       77%         3
 Teleport Other           Tloc           1%         N/A       77%         3
 Ignite Poison            Fire/Alch      3%         N/A       91%         4
 Sticky Flame             Fire/Alch      3%         2d4       91%         4
 Manifold Assault         Tloc           1%         N/A       99%         4
 Freezing Cloud           Conj/Ice/Air   1%         6-21      100%        5
 Ignition                 Fire           0%         3d3       100%        8
 Summon Small Mammal      Summ           Unusable   N/A       N/A         1
 Summon Blazeheart Golem  Fire/Summ      Unusable   N/A       N/A         4

Dungeon Overview and Level Annotations

Branches:
Dungeon (8/15)             Temple (1/1) D:5
   Lair: D:8-11

Altars:
Ashenzari
Cheibriados
Dithmenos
Elyvilon
Fedhas
Gozag
Hepliaklqana
Kikubaaqudgha
Makhleb
Okawaru
Qazlal
Ru
Sif Muna
Trog
Vehumet
Wu Jian
Xom
Yredelemnul
Zin
The Shining One

Shops:
D:2 [   D:4 *   D:6 [   D:7 !


Innate Abilities, Weirdness & Mutations

You can wield a second weapon in your off-hand.
It takes a long time for you to wield or remove held weapons.
Your first few attacks do less damage.
You cannot equip rings or amulets.


Message History

The sling bullet hits the wight.
The wight is lightly damaged.
The wight completely misses you.
You shoot a sling bullet. The sling bullet hits the wight.
You destroy the wight!
Okawaru accepts your kill.
You shoot a sling bullet. The sling bullet hits the wight!
The wight is heavily damaged.
The wight hits you with a +0 mace.
You feel drained. The wight hits you with a +0 mace.
Training target 4.0 for Evocations reached!
Your Evocations skill increases to level 4!
You are too injured to fight recklessly!
You are too injured to fight recklessly!
You are too injured to fight recklessly!
You shoot a sling bullet. The sling bullet hits the wight.
The wight is severely damaged.
You shoot a sling bullet.
The sling bullet barely misses the wight.
The wight barely misses you. The wight misses you.
The wight hits you with a +4 war axe!
Unknown command.
You shoot a sling bullet. The sling bullet hits the wight.
You destroy the wight!
Okawaru accepts your kill.
You shoot a sling bullet. The wight hits you with a +3 flail.
You feel drained. The wight barely misses you.
Unknown command.
You shoot a sling bullet. The sling bullet hits the wight.
The wight is lightly damaged.
You shoot a sling bullet. The sling bullet hits the wight.
The wight is heavily damaged.
The wight hits you but does no damage. The wight hits you with a +0 mace!
* * * LOW HITPOINT WARNING * * *
You feel drained.
* * * LOW HITPOINT WARNING * * *
The wight hits you with a +3 flail!
* * * LOW HITPOINT WARNING * * *
The wight hits you with a +0 mace.
You die...

#..... ##...#.
..........
##..)......
##...........#..
.####...............
......z)##..........
#.z@............
#.##.............
####............
#.#...[#........
##.....##<.......
#.##...#.........
####.............
#.#...........
...#..###......


You could see 2 wights.

Vanquished Creatures
  A troll (D:7)
  2 steam dragons
  A sky beast (D:6)
  2 black bears (D:5)
  An ice beast (D:7)
  An ogre (D:6)
  2 phantoms
  A bullfrog (D:7)
  3 scorpions
  8 wights
  5 killer bees (D:7)
  2 howler monkeys
  A bombardier beetle (D:4)
  6 hounds
  2 orc priests
  2 gnoll boudas (D:6)
  2 jellies
  2 sleepcaps
  3 orc wizards
  17 gnolls
  4 adders
  2 white imps
  A dart slug (D:1)
  2 ribbon worms
  11 orcs
  6 ball pythons
  6 endoplasms
  6 giant cockroaches
  5 goblins
  5 hobgoblins
  7 quokkas
  7 bats
  6 frilled lizards
  9 kobolds
  5 rats
146 creatures vanquished.

Notes
Turn   | Place    | Note
-------+----------+-------------------------------------------
     0 | D:1      | hikkokomori the Coglin Hunter began the quest for the Orb.
     0 | D:1      | Reached XP level 1. HP: 16/16 MP: 1/1
    77 | D:1      | Reached skill level 1 in Stealth
    95 | D:1      | Reached XP level 2. HP: 22/22 MP: 2/2
   316 | D:1      | Reached XP level 3. HP: 28/28 MP: 3/3
   572 | D:2      | Found a faded altar of an unknown god.
   778 | D:2      | Found Xounuxtu's Armour Boutique.
   914 | D:2      | Reached skill level 4 in Ranged Weapons
   914 | D:2      | Reached XP level 4. HP: 34/34 MP: 4/4
  1300 | D:3      | Noticed a scorpion
  1304 | D:3      | Killed a scorpion
  1305 | D:3      | Reached XP level 5. HP: 41/41 MP: 5/5
  1572 | D:3      | Learned a level 3 spell: Call Canine Familiar
  1872 | D:4      | Reached skill level 1 in Summonings
  1876 | D:4      | Reached XP level 6. HP: 48/48 MP: 7/7
  2026 | D:4      | Reached skill level 1 in Spellcasting
  2375 | D:4      | Found Pepey's Assorted Antiques.
  2383 | D:4      | Bought a scroll labelled HUNLYRYIDE for 21 gold pieces
  2383 | D:4      | Bought a scroll labelled ZAUCAV MUSSOR for 21 gold pieces
  2383 | D:4      | Bought a scroll labelled NAIJOXKOITO for 21 gold pieces
  2578 | D:5      | Entered Level 5 of the Dungeon
  2671 | D:5      | Learned a level 3 spell: Fugue of the Fallen
  2673 | D:5      | Found an iron altar of Okawaru.
  2673 | D:5      | Found a bloodstained altar of Trog.
  2795 | D:5      | Reached skill level 5 in Ranged Weapons
  2795 | D:5      | Reached skill level 1 in Necromancy
  2810 | D:5      | Noticed a black bear
  2816 | D:5      | Killed a black bear
  2817 | D:5      | Reached XP level 7. HP: 54/54 MP: 9/9
  2828 | D:5      | Found a staircase to the Ecumenical Temple.
  2857 | Temple   | Entered the Ecumenical Temple
  2977 | D:5      | Found a stormy altar of Qazlal.
  2980 | D:5      | Found a snail-covered altar of Cheibriados.
  3642 | D:6      | Reached XP level 8. HP: 60/60 MP: 11/11
  3953 | D:6      | Reached skill level 6 in Ranged Weapons
  4047 | D:6      | Found Foank's Armour Emporium.
  4055 | D:6      | Bought a +0 pair of boots of flying for 149 gold pieces
  4358 | D:5      | Became a worshipper of Warmaster Okawaru
  4366 | D:5      | Learned a level 2 spell: Cigotuvi's Dreadful Rot
  4679 | D:7      | Reached skill level 5 in Necromancy
  4679 | D:7      | Reached XP level 9. HP: 65/65 MP: 9/13
  4773 | D:7      | Reached skill level 1 in Alchemy
  4785 | D:7      | Identified the +7 whip of Rocze {heavy, Stlth+}
  4904 | D:7      | Found Qabic's Distillery.
  4904 | D:7      | Noticed a troll
  4962 | D:7      | Reached skill level 1 in Air Magic
  4962 | D:7      | Reached skill level 1 in Invocations
  4966 | D:7      | Reached skill level 7 in Ranged Weapons
  4966 | D:7      | Reached skill level 1 in Evocations
  5178 | D:7      | Reached * piety under Okawaru
  5622 | D:7      | Killed a troll
  5761 | D:8      | Slain by a wight

Illustrated notes

Levels and vault maps discovered:
D:1:      dpeg_arrival_tiny_a, layout_rooms
D:2:      layout_loops_cross, serial_shops, nicolae_shop_behind_doors,
          hellmonk_ecumenical_altar_run_dry
D:3:      layout_rooms, kennysheep_generic_room_3
D:4:      layout_basic, serial_shops, shop, nicolae_elevator_lobby_asterisk
D:5:      layout_loops_ring, nicolae_overflow_hidden_temple,
          minmay_temple_entry_antechambers, minmay_holes, minmay_misc_feat_chi,
          bh_walls_and_bars
D:6:      layout_rooms, serial_shops,
          nicolae_shop_temple_entry_statues_fountains,
          minmay_misc_feat_secret_circle
D:7:      layout_basic, kennysheep_windowed_goal
D:8:      layout_layer_cave, uniq_pikel
Temple:   nicolae_temple_elliptical

Skill      XL: |  1  2  3  4  5  6  7  8  9 |
---------------+----------------------------+-----
Stealth        | 1 2 |  2.0
Dodging        | 2 |  2.2
Ranged Weapons | 4 5 6 7 |  7.5
Fighting       | 3 4 |  4.0
Summonings     | 1 2 3 4 |  4.0
Spellcasting   | 1 2 3 |  3.0
Necromancy     | 1 2 5 |  5.0
Alchemy        | 3 |  3.0
Air Magic      | 2 |  2.0
Invocations    | 2 |  2.7
Evocations     | 4 |  4.0

Action                     |  1- 3 |  4- 6 |  7- 9 || total
---------------------------+-------+-------+-------++-------
  Melee: Sling             |       |       |     2 ||     2
   Fire: Sling             |   150 |   192 |   378 ||   720
   Cast: Fugue of the Fall |       |       |     5 ||     5
    Use: Scroll            |       |     3 |     3 ||     6
         Potion            |       |       |     1 ||     1
 Armour: Leather armour    |     4 |    11 |    90 ||   105
  Dodge: Dodged            |     5 |     7 |    85 ||    97

Table legend: (Time is in decaauts)
 A = Elapsed time spent in this place.
 B = Non-inter-level travel time spent in this place.
 C = Inter-level travel time spent in this place.
 D = Time resting spent in this place.
 E = Time spent auto-exploring this place.
 F = Levels seen in this place.
 G = Mean time per level.
                   A        B        C        D        E       F      G
               +--------+--------+--------+--------+--------+-----+--------+
         Total |   5884 |   5555 |    329 |    165 |   4465 |   9 |  653.8 |
       Dungeon |   5838 |   5526 |    312 |    165 |   4465 |   8 |  729.8 |
        Temple |     45 |     28 |     17 |      0 |      0 |   1 |   45.0 |
               +--------+--------+--------+--------+--------+-----+--------+

Top non-repeatable levels by time:
     D:7: 1336 daAuts
     D:5: 1042 daAuts
     D:4: 973 daAuts
     D:6: 789 daAuts
     D:2: 705 daAuts
     D:1: 500 daAuts
     D:3: 434 daAuts
     D:8: 56 daAuts
  Temple: 45 daAuts
